 Dungeon Crawl Stone Soup version 0.21-a0-272-g984ae92 (webtiles) character file.

204 wup the Conjurer (level 5, -1/38 HPs)
             Began as a Draconian Conjurer on Sept 16, 2017.
             Slain by Pikel
             ... wielding a +1 whip of flaming
              (6 damage)
             ... on level 2 of the Dungeon.
             The game lasted 00:10:08 (3002 turns).

wup the Conjurer (Draconian Conjurer)               Turns: 3002, Time: 00:10:08

Health: -1/38      AC:  6    Str: 15    XL:     5   Next: 52%
Magic:  8/17       EV: 13    Int: 16    God:
Gold:   219        SH:  0    Dex: 12    Spells: 5/8 levels left

rFire    . . .     SeeInvis .   (no weapon)
rCold    . . .     Gourm    .   (no shield)
rNeg     . . .     Faith    .   (armour unavailable)
rPois    .         Spirit   .   (helmet restricted)
rElec    .         Reflect  .   (no cloak)
rCorr    .         Harm     .   r - +0 pair of gloves
MR       .....                  (no boots)
Stlth    ++........             (no amulet)
HPRegen  0.12/turn              e - ring of magical power
MPRegen  0.15/turn              (no ring)

@: mighty
A: unfitting armour, cold-blooded, AC +5
a: no special abilities


You were on level 2 of the Dungeon.
You were very hungry.

You visited 1 branch of the dungeon, and saw 4 of its levels.

You collected 219 gold pieces.

Inventory:

Armour
 r - a +0 pair of gloves (worn)
Jewellery
 e - a ring of magical power (left hand)
Wands
 s - a wand of random effects (8/48)
 u - a wand of lightning (0/15)
Scrolls
 c - a scroll of immolation {unknown}
 d - 2 scrolls of identify
 f - 4 scrolls of remove curse
 h - a scroll of magic mapping {unknown}
 l - a scroll of enchant weapon {unknown}
 p - a scroll of blinking {unknown}
Potions
 g - a potion of might
 i - a potion of heal wounds {unknown}
 j - a potion of degeneration {unknown}
 k - 2 potions of lignification {unknown}
 m - 2 potions of haste {unknown}
 n - a potion of berserk rage {unknown}
 o - 2 potions of resistance {unknown}
 t - a potion of magic {unknown}
 v - 2 potions of curing {unknown}
 w - a potion of agility {unknown}
 z - a potion of invisibility {unknown}
Books
 a - a book of Conjurations

   Spells                             Type                      Level
   a - Magic Dart                     Conjuration                  1
   b - Searing Ray                    Conjuration                  2
   c - Dazzling Spray                 Conjuration/Hexes            3
   d - Fulminant Prism                Conjuration/Hexes            4
   e - Force Lance                    Conjuration/Translocation    4
   f - Iskenderun's Mystic Blast      Conjuration                  4
Comestibles
 b - 5 bread rations
 q - 2 meat rations
 x - 2 fruits


   Skills:
 - Level 3.1 Dodging
 - Level 1.7 Stealth
 - Level 2.0 Spellcasting
 + Level 6.1 Conjurations


You had 5 spell levels left.
You knew the following spells:

 Your Spells              Type           Power        Failure   Level  Hunger
a - Magic Dart            Conj           ###.         1%          1    #......
b - Searing Ray           Conj           ###...       2%          2    ###....


Dungeon Overview and Level Annotations

Branches:
Dungeon (4/15)
 Temple: D:4-7

Altars:
Nemelex Xobeh
Qazlal
Uskayaw
Wu Jian
The Shining One

Annotations:
D:2 Pikel


Innate Abilities, Weirdness & Mutations

Your plain brown scales are hard. (AC +5)
You cannot fit into any form of body armour.
You are cold-blooded and may be slowed by cold attacks.


Message History

Pikel hits you with a whip of flaming. Pikel burns you.
The searing ray hits Pikel.
Pikel is heavily wounded.
Pikel hits you with a whip of flaming.
* * * LOW HITPOINT WARNING * * *
Pikel burns you.
* * * LOW HITPOINT WARNING * * *
The searing ray hits Pikel.
Pikel is heavily wounded.
Pikel hits you with a whip of flaming.
* * * LOW HITPOINT WARNING * * *
Pikel burns you.
* * * LOW HITPOINT WARNING * * *
The searing ray hits Pikel.
Pikel is heavily wounded.
You finish channeling your searing ray.
Pikel closely misses you.
It was a potion of might.
You feel very mighty all of a sudden. Pikel hits you with a whip of flaming.
You die...

#.###### #.# #.# #.#
#.# #.# ##### #####
#.# #...######## ....#
#.# #..........# ###.#
#.# #@K.######.# #.#
#.# ##.## #.# ###.####
#.# #.# #.# .>.....#
#.# #.# #.# ###.##.#
#.# #.# #.######
#.##.# #.# #.#
#......#
#.##.#####.####.#
######.#
#...#...........######
#.#
####.#####...........#
#.#


You could see Pikel.

Vanquished Creatures
  3 slaves
  A howler monkey (D:3)
  Ijyb (D:2)
  A worker ant (D:4)
  A gnoll (D:1)
  A howler monkey skeleton (D:4)
  3 adders
  2 worms (D:3)
  A dart slug (D:1)
  2 leopard geckos
  An orc (D:3)
  5 bats
  8 giant cockroaches
  3 hobgoblins
  4 jackals (D:2)
  A quokka (D:3)
  2 frilled lizards
  8 goblins
  10 kobolds
  5 rats
63 creatures vanquished.

Notes
Turn   | Place    | Note
-------+----------+-------------------------------------------
     0 | D:1      | wup the Draconian Conjurer began the quest for the Orb.
     0 | D:1      | Reached XP level 1. HP: 14/14 MP: 3/3
   293 | D:1      | Reached XP level 2. HP: 20/20 MP: 5/5
   337 | D:1      | Learned a level 2 spell: Searing Ray
   720 | D:1      | Found a sparkling altar of Nemelex Xobeh.
   828 | D:2      | Reached skill level 5 in Conjurations
   828 | D:2      | Reached XP level 3. HP: 26/26 MP: 6/6
  1164 | D:2      | You fall through a shaft!
  1177 | D:4      | Noticed Pikel
  1231 | D:2      | Found a stormy altar of Qazlal.
  1622 | D:3      | Reached XP level 4. HP: 33/33 MP: 7/7
  1645 | D:3      | Found a glowing golden altar of the Shining One.
  1669 | D:3      | Found an ornate altar of the Wu Jian Council.
  1823 | D:3      | Noticed Ijyb
  1888 | D:2      | Killed Ijyb
  1888 | D:2      | Reached skill level 6 in Conjurations
  2358 | D:4      | Noticed a slave
  2358 | D:4      | Noticed a slave
  2358 | D:4      | Noticed a slave
  2358 | D:4      | Noticed a slave
  2364 | D:3      | Killed a slave
  2366 | D:3      | Killed a slave
  2368 | D:3      | Reached XP level 5. HP: 9/38 MP: 8/8
  2699 | D:3      | Found a hide-covered altar of Uskayaw.
  2924 | D:4      | Killed a slave
  3002 | D:2      | Slain by Pikel

Vault maps used:
D:1:      dpeg_arrival_houses_and_road, nemelex_altar_shiori
D:2:      old_standard_altar, first_bread
D:3:      tso_metal_star, eat_drink_and_be_merry_uskayaw, lemuel_round_altar,
          uniq_ijyb
D:4:      lemuel_coloured_pillars_altar, uniq_pikel, uniq_eustachio

Skill      XL: |  1  2  3  4  5 |
---------------+----------------+-----
Conjurations   | 5 6 |  6.1
Dodging        | 2 3 |  3.1
Stealth        | |  1.7
Spellcasting   | |  2.0

Action                   |  1- 3 |  4- 6 || total
-------------------------+-------+-------++-------
Melee: Unarmed           |     2 |       ||     2
       Tailslap          |     1 |       ||     1
 Cast: Magic Dart        |    74 |    43 ||   117
       Searing Ray       |     1 |    15 ||    16
Evoke: Wand              |       |     6 ||     6
  Use: Scroll            |       |     2 ||     2
       Potion            |       |     1 ||     1
  Eat: Chunk             |     3 |     5 ||     8
Armor: Skin              |     9 |    12 ||    21
Dodge: Dodged            |    17 |    31 ||    48

Table legend:
 A = Spawn XP
 B = Non-spawn XP
 C = Spawn XP percentage of total XP
 D = Spawn monster count
 E = Non-spawn monster count
 F = Spawn count percentage of total count
 G = Total turns spent on level
                    A         B        C        D         E        F      G
               +---------+---------+-------+---------+---------+-------+---------
         Total |       0 |     292 |   0.0 |       0 |      60 |   0.0 |  3002
               +---------+---------+-------+---------+---------+-------+---------
           D:1 |       0 |      37 |   0.0 |       0 |      15 |   0.0 |   745
           D:2 |       0 |      91 |   0.0 |       0 |      18 |   0.0 |   915
           D:3 |       0 |     117 |   0.0 |       0 |      24 |   0.0 |  1153
           D:4 |       0 |      47 |   0.0 |       0 |       3 |   0.0 |   189
               +---------+---------+-------+---------+---------+-------+---------
